 Dungeon Crawl Stone Soup version 0.23.2-40-g277498a001 (webtiles) character file.

Game seed: 10840065049404003082

303 Curus the Insei (level 6, -1/43 HPs)
             Began as a Merfolk Transmuter on Sept 22, 2019.
             Killed from afar by Natasha (15 damage)
             ... with a wand of flame (5)
             ... on level 4 of the Dungeon.
             The game lasted 00:19:42 (2893 turns).

Curus the Insei (Merfolk Transmuter)                Turns: 2893, Time: 00:19:42

Health: -1/43      AC:  4    Str: 10    XL:     6   Next: 38%
Magic:  9/9        EV: 13    Int: 15    God:
Gold:   194        SH:  0    Dex: 14    Spells: 5/9 levels left

rFire    . . .     SeeInvis .     - Unarmed
rCold    . . .     Gourm    .   (no shield)
rNeg     . . .     Faith    .   b - +2 robe
rPois    .         Spirit   .   (no helmet)
rElec    .         Reflect  .   e - scarf {repulsion}
rCorr    .         Harm     +   (no gloves)
MR       +....                  (no boots)
Stlth    +.........             f - amulet of harm
HPRegen  0.14/turn              o - ring of protection from magic
MPRegen  0.11/turn              (no ring)

@: repel missiles
A: change form in water, swift swim, stealthy swim
a: no special abilities


You were on level 4 of the Dungeon.
You were hungry.

You visited 1 branch of the dungeon, and saw 4 of its levels.

You collected 194 gold pieces.

Inventory:

Missiles
 a - 43 arrows
Armour
 b - a +2 robe (worn)
 e - a scarf of repulsion (worn)
 k - a +1 animal skin
 l - a +1 helmet of intelligence
Jewellery
 f - an amulet of harm (around neck)
 o - a ring of protection from magic (left hand)
Scrolls
 c - 2 scrolls of enchant armour
 i - 2 scrolls of identify
 j - 4 scrolls of enchant weapon
 m - a scroll of amnesia
 n - a scroll of fear
Potions
 g - a potion of heal wounds
 h - a potion of curing
Comestibles
 d - 6 rations


   Skills:
 - Level 1.1 Fighting
 - Level 2.6 Dodging
 + Level 6.3 Unarmed Combat
 - Level 2.0 Spellcasting
 - Level 4.4 Transmutations
 - Level 2.6 Poison Magic


You had 5 spell levels left.
You knew the following spells:

 Your Spells              Type           Power        Failure   Level  Hunger
a - Beastly Appendage     Tmut           ##....       3%          1    #......
b - Spider Form           Tmut/Pois      ##........   16%         3    ###....

Your spell library contained the following spells:

 Spells                   Type           Power        Failure   Level  Hunger
 Sticks to Snakes         Tmut           ##......     5%          2    ###....
 Ice Form                 Ice/Tmut       #.......     65%         4    #####..
 Blade Hands              Tmut           ##........   69%         5    ######.


Dungeon Overview and Level Annotations

Branches:
Dungeon (4/15)
 Temple: D:4-7

Altars:
Elyvilon
Kikubaaqudgha
Nemelex Xobeh
Ru
Trog
Yredelemnul
The Shining One

Annotations:
D:4 Natasha


Message History

The iguana closely misses you.
You closely miss the iguana. You headbutt the iguana.
You kill the iguana!
Your transformation is almost over.
You start resting.
Magic restored.
You start resting.
Your horns disappear.
You start resting.
You are feeling hungry.
You now have 194 gold pieces (gained 8).
Found 29 arrows.
p - a sapphire potion Natasha, Servant of Life and Death comes into view.
She is carrying a wand of flame (7).
Natasha zaps a wand.
The puff of flame hits you!
You see here 9 arrows.
Natasha zaps a wand.
The puff of flame is repelled.
It was a potion of cancellation.
You feel magically purged.
Natasha zaps a wand.
The puff of flame hits you!
You die...

......$#.... #...$......
####......... .
...........# #. #
#.......# ...##.
#.......# .#....#
##......# #
.......###..#....#######
.......@.(..............
#.#######h.#...........#
....##[(.........#
......###.........##
..(....# ########.###
......h# #.##. ...##.##
#.##. .#. #. ..##. .#...


You could see Natasha.

Vanquished Creatures
  A hound (D:4)
  Jessica (D:2)
  An iguana (D:4)
  A worker ant (D:4)
  A hound skeleton (D:4)
  Robin (D:3)
  8 gnolls
  An adder (D:4)
  3 oozes
  3 worms (D:2)
  A dart slug (D:2)
  3 leopard geckos
  7 bats
  2 giant cockroaches
  13 goblins
  7 hobgoblins
  4 jackals (D:3)
  4 kobolds
  A quokka (D:3)
  A ball python (D:1)
  2 frilled lizards (D:2)
  4 rats
70 creatures vanquished.

Notes
Turn   | Place    | Note
-------+----------+-------------------------------------------
     0 | D:1      | Curus the Merfolk Transmuter began the quest for the Orb.
     0 | D:1      | Reached XP level 1. HP: 15/15 MP: 3/3
    71 | D:1      | Reached XP level 2. HP: 21/21 MP: 3/5
    88 | D:1      | Reached skill level 4 in Unarmed Combat
   574 | D:2      | Found an ancient bone altar of Kikubaaqudgha.
   600 | D:1      | Reached XP level 3. HP: 8/26 MP: 4/6
   828 | D:1      | Learned a level 3 spell: Spider Form
   962 | D:2      | Reached skill level 1 in Poison Magic
   969 | D:2      | Reached XP level 4. HP: 10/32 MP: 4/7
  1407 | D:2      | Noticed Jessica
  1415 | D:2      | Killed Jessica
  1771 | D:3      | Noticed Robin
  1774 | D:3      | Reached XP level 5. HP: 36/37 MP: 4/8
  1784 | D:3      | Killed Robin
  2293 | D:4      | Reached skill level 5 in Unarmed Combat
  2361 | D:4      | Found a sparkling altar of Nemelex Xobeh.
  2363 | D:4      | Found a sacrificial altar of Ru.
  2368 | D:4      | Found a glowing golden altar of the Shining One.
  2368 | D:4      | Found a bloodstained altar of Trog.
  2368 | D:4      | Found a white marble altar of Elyvilon.
  2427 | D:4      | Reached XP level 6. HP: 32/43 MP: 7/9
  2506 | D:4      | Reached skill level 6 in Unarmed Combat
  2794 | D:4      | Found a basalt altar of Yredelemnul.
  2887 | D:4      | Noticed Natasha
  2893 | D:4      | Killed from afar by Natasha

Skill      XL: |  1  2  3  4  5  6 |
---------------+-------------------+-----
Unarmed Combat | 4 5 6 |  6.3
Transmutations | 3 4 |  4.4
Poison Magic   | 1 2 |  2.6
Fighting       | |  1.1
Dodging        | |  2.6
Spellcasting   | |  2.0

Action                   |  1- 3 |  4- 6 || total
-------------------------+-------+-------++-------
Melee: Unarmed           |    66 |   152 ||   218
       Headbutt          |     5 |     8 ||    13
       Punch             |       |     1 ||     1
 Cast: Beastly Appendage |     7 |     9 ||    16
       Spider Form       |     1 |     3 ||     4
  Use: Potion            |     3 |     5 ||     8
       Scroll            |     4 |     8 ||    12
 Stab: Sleeping          |     1 |       ||     1
  Eat: Chunk             |       |     7 ||     7
Armor: Robe              |     5 |    20 ||    25
       Skin              |       |     3 ||     3
Dodge: Dodged            |    39 |    99 ||   138
       Deflected         |     1 |     1 ||     2
